 Dungeon Crawl Stone Soup version 0.29-a0-375-g5102b3be25 (webtiles) character file.

Game seed: 6115225740213325385

120050 freelancePsychic the Warrior (level 16, -10/141 HPs)
             Began as a Demonspawn Abyssal Knight on May 3, 2022.
             Was a High Priest of Lugonu.
             Killed from afar by Azrael (42 damage)
             ... with damnation
             ... on level 1 of the Abyss on May 4, 2022.
             The game lasted 01:02:22 (29189 turns).

freelancePsychic the Warrior (DsAK)                Turns: 29189, Time: 01:02:23

Health: -10/141    AC: 33    Str: 20      XL:     16   Next: 29%
Magic:  24/24      EV: 11    Int: 12      God:    Lugonu [*****.]
Gold:   1350       SH: 14    Dex: 14 (15) Spells: 15/15 levels left

rFire   . . .      SeeInvis .   z - +2 demon trident (distort)
rCold   + . .      Faith    .   J - +3 warlock's mirror {reflect}
rNeg    . . .      Spirit   .   e - +18 Lear's hauberk
rPois   +          Reflect  +   (helmet currently unavailable)
rElec   .          Harm     .   (cloak unavailable)
rCorr   .          Rampage  .   (gloves currently unavailable)
Will    +....                   (boots currently unavailable)
Stlth   ..........              R - amulet of reflection
HPRegen 0.33/turn               y - ring of protection from cold
MPRegen 0.19/turn               (no ring)

@: studying 4 skills
A: slimy green scales 3, spiny 2, condensation shield, weakness stinger 3
a: Renounce Religion, Depart the Abyss, Bend Space, Banish, Corrupt, Enter the
Abyss


You were on level 1 of the Abyss.
You worshipped Lugonu.
Lugonu was extremely pleased with you.
You visited 4 branches of the dungeon, and saw 25 of its levels.
You visited the Abyss 2 times.
You also visited: Ice Cave.

You collected 2427 gold pieces.
You spent 1077 gold pieces at shops.

Inventory:

Hand Weapons
 a - a +1 spear
 z - a +2 demon trident of distortion (weapon)
Missiles
 i - 2 throwing nets
Armour
 e - the +18 Lear's hauberk (worn)
   (You acquired it on level 2 of the Dungeon)
 g - a +0 pair of boots
 o - a +2 pair of gloves of dexterity
 v - a +0 kite shield
 D - +1 storm dragon scales
 F - a +0 helmet
 J - the +3 warlock's mirror (worn) {reflect}
   (You found it on level 7 of the Dungeon)

   It can block and reflect piercing ranged attacks and magical attacks against
   the wielder's willpower.
 M - the +0 helmet "Yteux" {+Inv}
   (You found it in an ice cave)

   +Inv:      It lets you turn invisible.
 X - a +0 tower shield
Jewellery
 b - a ring of magical power
 l - an amulet of guardian spirit
 n - a +6 ring of dexterity
 q - a ring of magical power
 y - a ring of protection from cold (left hand)
 R - an amulet of reflection (around neck)
 Y - a +4 ring of protection
Wands
 s - a wand of paralysis (5)
 C - a wand of flame (39)
 H - a wand of mindburst (5)
 N - a wand of iceblast (6)
 P - a wand of charming (1)
 Q - a wand of polymorph (4)
 V - a wand of acid (18)
Scrolls
 d - 6 scrolls of fog
 f - 6 scrolls of amnesia
 h - 4 scrolls of fear
 j - 4 scrolls of blinking
 r - 3 scrolls of enchant armour
 u - a scroll of summoning
 A - 2 scrolls of poison
 B - 4 scrolls of immolation
 G - 5 scrolls of silence
 L - 3 scrolls of teleportation {@r4}
 T - a scroll of brand weapon
 U - a scroll of magic mapping
 W - a scroll of identify {@r1}
Potions
 c - 2 potions of magic
 k - 8 potions of curing {@q1}
 m - 3 potions of berserk rage
 p - 7 potions of mutation
 t - 4 potions of might
 E - 2 potions of resistance
 I - 5 potions of brilliance
 O - 2 potions of lignification
 S - 2 potions of flight
 Z - 2 potions of attraction
Miscellaneous
 K - a condenser vane


   Skills:
 + Level 17.3 Fighting
 - Level 14.0 Polearms
 + Level 8.5 Armour
 + Level 9.3 Dodging
 + Level 10.1 Shields
 - Level 10.8 Invocations
 + Level 10.5 Evocations


You had 15 spell levels left.
You didn't know any spells.
Your spell library contained the following spells:

 Spells                   Type           Power      Damage    Failure   Level
 Animate Skeleton         Necr           0%         N/A       97%         1
 Apportation              Tloc           0%         N/A       97%         1
 Beastly Appendage        Tmut           0%         N/A       97%         1
 Magic Dart               Conj           0%         1d3       97%         1
 Summon Small Mammal      Summ           0%         N/A       97%         1
 Poisonous Vapours        Pois/Air       0%         N/A       99%         2
 Searing Ray              Conj           0%         2d4       99%         2
 Sublimation of Blood     Necr           0%         N/A       99%         2
 Wereblood                Tmut           0%         N/A       99%         2
 Call Canine Familiar     Summ           0%         N/A       100%        3
 Confusing Touch          Hex            0%         N/A       100%        3
 Dazzling Flash           Conj/Hex       0%         N/A       100%        3
 Ozocubu's Armour         Ice            0%         N/A       100%        3
 Spider Form              Tmut/Pois      0%         N/A       100%        3
 Summon Guardian Golem    Hex/Summ       0%         N/A       100%        3
 Fulminant Prism          Conj/Hex       0%         3d6       100%        4
 Passage of Golubria      Tloc           0%         N/A       100%        4
 Agony                    Necr           0%         N/A       100%        5
 Fireball                 Conj/Fire      0%         3d3       100%        5
 Silence                  Hex/Air        0%         N/A       100%        5
 Summon Forest            Summ/Tloc      0%         N/A       100%        5
 Yara's Violent Unravell  Hex/Tmut       0%         3d3       100%        5
 Conjure Ball Lightning   Conj/Air       0%         3x3d6     100%        6
 Eringya's Noxious Bog    Tmut/Pois      0%         N/A       100%        6
 Starburst                Conj/Fire      0%         6d3       100%        6
 Enfeeble                 Hex            0%         N/A       100%        7
 Ozocubu's Refrigeration  Ice            0%         4d5       100%        7
 Summon Hydra             Summ           0%         N/A       100%        7
 Borgnjor's Revivificati  Necr           0%         N/A       100%        8
 Ignition                 Fire           0%         3d3       100%        8
 Necromutation            Tmut/Necr      0%         N/A       100%        8
 Death's Door             Necr           0%         N/A       100%        9


Dungeon Overview and Level Annotations

Branches:
Dungeon (15/15)            Temple (0/1) D:4            Lair (6/6) D:9
 Shoals (0/4) Lair:4       Spider (2/4) Lair:2          Orc (2/2) D:9
    Elf (0/3) Orc:2        Vaults (0/5) D:14         Depths (0/4) D:15
  IceCv (visited)
  Slime: Lair:5-6

Altars:
Ashenzari
Cheibriados
Dithmenos
Elyvilon
Makhleb
Ru
Sif Muna
Xom
Yredelemnul

Shops:
D:4 *(   D:5 *   Orc:2 [(*:

Annotations:
D:7 2 transporters, timneilson's ghost, novice GrFi
D:13 3 runed translucent doors, SirDiesAlot's ghost, journeyman MiGl
Lair:6 corrupted
Orc:2 corrupted
Abyss:1 Azrael


Innate Abilities, Weirdness & Mutations

You are completely covered in slimy green scales. (AC +4, rPois)
You are mostly covered in sharp spines.
A meltable shield of frost defends you. (SH +0)
You have a sharp stinger which inflicts weakening toxins.


Message History

Unknown command.
Unknown command.
Unknown command.
Unknown command.
Unknown command.
Unknown command.
You puncture the great orb of eyes!
The great orb of eyes is devoured by a tear in reality.
The great orb of eyes pulsates ominously.
You enter the shallow water.
Moving in this stuff is going to be slow.
A starcursed mass comes into view.
A starcursed mass splits.
A chorus of shrieks assaults your mind.
As you read the scroll of teleportation {@r4}, it crumbles to dust.
You feel strangely unstable.
You feel the power of the Abyss delaying your translocation!
A starcursed mass splits.
There is a sparkling altar of Nemelex Xobeh here.
A starcursed mass splits.
A chorus of shrieks assaults your mind.
* * * LOW HITPOINT WARNING * * *
You are suddenly pulled into a different region of the Abyss!
A chaos spawn comes into view.
An ancient zyme comes into view.
You feel yourself growing ill in the presence of the ancient zyme.
Unknown command.
Found a gateway leading deeper into the Abyss.
Unknown command.
Azrael is nearby!
Unknown command.
Azrael is nearby!
There is a gateway leading deeper into the Abyss here.
Azrael gestures at you.
The fireball explodes!
The fireball engulfs you!!!
Your condensation shield dissipates!
* * * LOW HITPOINT WARNING * * *
Azrael gestures at you.
The sphere of damnation explodes!
The damnation engulfs you!!!
You die...

..R§.§§ ..§ §§§§ §§
#....#...#.§..§...§. ....
§.§§..○.§#§....§...§.§....
....§..○..#..§.§§§.. § .
.§.§...R§..§#.§.§#.§.... .
#§§...§.§...§..§.. . .§§..
#§§.......§..#.§.....§....
...§..§..§.§....§§......
.........@.§........#....§
.§#.§§§.§.§.§.......§.§§ .
....§.......§...§§#... ..
.#.§§#..#..§§§....§. . . .
.§.#.#§#..§..§... . . ..
....§.§#§..§.§...........
...§.§..§...§.§.... ..# .
........§....... # .. . .
....


You could see Azrael.

Vanquished Creatures
  Kirke (D:15)
  2 emperor scorpions (Spider:1)
  A ghost moth (Spider:1)
  An ettin (Orc:1)
  A fire dragon (D:15)
  5 hydras
  3 vault guards (D:14)
  3 boulder beetles
  An ice dragon (Lair:6)
  An ogre mage (Orc:2)
  7 two-headed ogres
  2 centaur warriors
  A catoblepas (D:13)
  2 tengu warriors (D:12)
  3 spriggan skeletons (D:15)
  A vampire mage (D:15)
  7 skeletal warriors
  A deep elf knight (D:14)
  2 pharaoh ants (Spider:1)
  2 lindwurms (Lair:6)
  5 spriggan simulacra (IceCv)
  4 orb spiders
  A steelbarb worm (Spider:1)
  3 wizards
  A necromancer (D:15)
  A bog body (IceCv)
  An obsidian statue (IceCv)
  2 deep elf pyromancers
  2 wolf spiders (Spider:1)
  3 cyclopes
  2 orc sorcerers (D:14)
  8 ugly things
  4 manticores
  A merfolk siren (Lair:4)
  3 moths of wrath (Spider:1)
  A frost giant skeleton (D:15)
  4 elephants (Lair:4)
  Maurice (D:10)
  A centaur zombie (D:13)
  8 black mambas
  A molten gargoyle (D:15)
  6 torpor snails
  4 gargoyles
  2 rime drakes
  An unseen horror (D:10)
  8 cane toads
  A kobold demonologist (D:10)
  A tengu conjurer (D:13)
  2 demonic crawlers (Spider:1)
  17 komodo dragons
  An anaconda simulacrum (IceCv)
  4 entropy weaver simulacra
  5 freezing wraiths
  2 golden dragon simulacra (IceCv)
  6 ice devils (IceCv)
  9 polar bears (Lair:6)
  3 tyrant leeches (Lair:6)
  4 trolls
  5 hornets (Lair:6)
  7 slime creatures
  9 tarantellas
  A raiju (Lair:6)
  30 blink frogs
  7 jumping spiders (Spider:1)
  5 culicivoras
  A shadow (D:11)
  4 wraiths
  Eustachio (D:4)
  4 wyverns
  6 hogs (D:15)
  A human (D:14)
  5 basilisks (Lair:3)
  Grum (D:10)
  14 yaks
  2 fire elementals (Orc:2)
  3 steam dragons
  21 redbacks
  12 vampire mosquitoes
  5 wargs
  7 minotaur simulacra
  2 acid dragons
  20 hell hounds
  9 water moccasins
  2 alligator simulacra (IceCv)
  12 black bears
  16 orc warriors
  An ettin simulacrum (IceCv)
  7 ogres (Orc:2)
  9 centaurs
  36 wolves
  2 phantoms (D:5)
  4 kobold brigands
  2 necrophages
  7 bullfrogs
  3 gnoll sergeants
  3 scorpions
  4 deep troll simulacra (IceCv)
  18 wights
  15 killer bees
  5 howler monkeys
  2 lindwurm simulacra (IceCv)
  2 jellies
  4 hounds
  12 orc priests
  Crazy Yiuf (D:3)
  3 iguanas
  Natasha (D:2)
  21 orc wizards
  17 gnolls
  7 adders
  A white imp (D:5)
  An ufetubus (D:6)
  2 worms (D:3)
  4 dart slugs
  46 orcs
  5 bats
  7 endoplasms
  6 giant cockroaches
  10 goblins
  13 hobgoblins
  6 jackals
  5 quokkas
  5 ball pythons
  7 frilled lizards
  21 kobolds
  3 rats
720 creatures vanquished.

Vanquished Creatures (collateral kills)
  A pharaoh ant (Spider:1)
  A jumping spider (Spider:1)
2 creatures vanquished.

Vanquished Creatures (others)
  3 orc high priests (Orc:2)
  4 orc knights (Orc:2)
  4 orc sorcerers (Orc:2)
  A black mamba (Lair:6)
  4 cane toads (Lair:6)
  2 blink frogs (Lair:6)
  5 yaks (Lair:6)
  2 water moccasins (Lair:6)
  5 orc warriors (Orc:2)
  A wolf (Lair:6)
  3 orc priests (Orc:2)
  4 orc wizards (Orc:2)
  An orc (Orc:2)
  25 fungi
  73 plants
  10 starspawn tentacles
  11 withered plants (D:15)
158 creatures vanquished.

Grand Total: 880 creatures vanquished

Notes
Turn   | Place    | Note
-------+----------+-------------------------------------------
     0 | Abyss:1  | freelancePsychic the Demonspawn Abyssal Knight began the
                  | quest for the Orb.
     0 | Abyss:1  | Reached XP level 1. HP: 18/18 MP: 2/2
    10 | Abyss:1  | Noticed a starcursed mass
    10 | D:1      | Escaped the Abyss
   293 | D:1      | Gained mutation: You have a small tail. [demonic ancestry]
   293 | D:1      | Reached XP level 2. HP: 12/24 MP: 4/4
   704 | D:1      | Reached XP level 3. HP: 17/29 MP: 5/5
  1324 | D:2      | Identified a scroll of acquirement
  1325 | D:2      | Acquired the +18 Lear's hauberk
  1325 | D:2      | Found the +18 Lear's hauberk
  1473 | D:2      | Reached XP level 4. HP: 34/36 MP: 6/6
  1586 | D:2      | Found a shimmering altar of Xom.
  1612 | D:2      | Found a faded altar of an unknown god.
  2150 | D:3      | Found a runed translucent door.
  2151 | D:3      | Noticed Crazy Yiuf
  2187 | D:3      | Noticed Natasha
  2209 | D:2      | Killed Natasha
  2210 | D:2      | Gained mutation: You are partially covered in sharp spines.
                  | [demonic ancestry]
  2210 | D:2      | Reached XP level 5. HP: 36/42 MP: 6/8
  2278 | D:3      | Reached *** piety under Lugonu
  2393 | D:3      | Reached skill level 4 in Fighting
  3108 | D:3      | Killed Crazy Yiuf
  3379 | D:4      | Found a staircase to the Ecumenical Temple.
  3627 | D:4      | Found Gaot's Weapon Shoppe.
  3715 | D:4      | Noticed Eustachio
  3777 | D:4      | Killed Eustachio
  3778 | D:4      | Gained mutation: You are mostly covered in sharp spines.
                  | [demonic ancestry]
  3778 | D:4      | Reached XP level 6. HP: 23/49 MP: 9/9
  4026 | D:3      | Reached skill level 5 in Invocations
  4151 | D:4      | Reached skill level 5 in Polearms
  4266 | D:4      | Gained mutation: A meltable shield of frost defends you.
                  | (SH +0) [demonic ancestry]
  4266 | D:4      | Reached XP level 7. HP: 55/55 MP: 9/11
  4399 | D:4      | Found Toghamof's Overcharged Wands.
  4543 | D:4      | Found a shimmering blue altar of Sif Muna.
  4620 | D:5      | Entered Level 5 of the Dungeon
  4742 | D:5      | Found Zekhlit's Lightly-Used Armoury.
  4750 | D:5      | Bought a -1 demon trident for 140 gold pieces
  4853 | D:5      | Reached skill level 5 in Fighting
  4922 | D:5      | Reached **** piety under Lugonu
  5052 | D:5      | Found a shadowy altar of Dithmenos.
  5484 | D:6      | Reached XP level 8. HP: 63/63 MP: 12/12
  5742 | D:6      | Reached skill level 6 in Fighting
  6757 | D:7      | Found a transporter.
  6771 | D:7      | Noticed timneilson's ghost (novice GrFi)
  6786 | D:7      | Found a transporter.
  6796 | D:7      | Found the +3 warlock's mirror {reflect}
  6866 | D:7      | Gained mutation: You are partially covered in slimy green
                  | scales. (AC +2) [demonic ancestry]
  6866 | D:7      | Reached XP level 9. HP: 71/71 MP: 13/15
  6941 | D:7      | Found a snail-covered altar of Cheibriados.
  6970 | D:7      | Reached ***** piety under Lugonu
  7007 | D:7      | Reached skill level 7 in Fighting
  7189 | D:7      | Found a sacrificial altar of Ru.
  7315 | D:7      | Found a burning altar of Makhleb.
  8379 | D:8      | Reached XP level 10. HP: 79/80 MP: 17/17
  8534 | D:9      | Found a staircase to the Orcish Mines.
  8551 | D:9      | Identified the +4 leather armour of Melancholy {Int+6
                  | Stlth+}
  8701 | D:9      | Reached skill level 8 in Fighting
  8826 | D:9      | Found a staircase to the Lair.
  8854 | D:9      | Reached skill level 10 in Invocations
  8941 | D:9      | Reached skill level 10 in Polearms
  8967 | D:9      | Noticed a boulder beetle
  8969 | D:9      | Noticed a green ugly thing
  8974 | D:9      | Banished a boulder beetle
  8984 | D:9      | Killed a green ugly thing
  9702 | D:10     | Entered Level 10 of the Dungeon
  9717 | D:10     | Noticed a deep elf pyromancer
  9719 | D:10     | Noticed a wizard
  9730 | D:10     | Killed a deep elf pyromancer
  9731 | D:10     | Noticed a wizard
  9739 | D:10     | Banished a wizard
  9747 | D:10     | Killed a wizard
  9748 | D:10     | Reached skill level 9 in Fighting
  9825 | D:10     | Noticed a wizard
  9829 | D:10     | Killed a wizard
  9830 | D:10     | Gained mutation: You have a tail ending in a sharp stinger.
                  | [demonic ancestry]
  9830 | D:10     | Reached XP level 11. HP: 89/89 MP: 19/19
  9841 | D:10     | Got Ts'ui Pên's Handbook of Forking Paths
  9848 | D:10     | Got the Volume of Combed Thunderclap
  9855 | D:10     | Got the Almanac of Axaxaxas mlö
  9887 | D:10     | Noticed Maurice
  9898 | D:10     | Killed Maurice
  9932 | D:10     | Noticed Grum
  9963 | D:10     | Killed Grum
 10825 | Lair:1   | Entered Level 1 of the Lair of Beasts
 10997 | Lair:1   | Reached skill level 10 in Fighting
 11131 | Lair:1   | Noticed a seven-headed hydra
 11152 | Lair:1   | Killed a seven-headed hydra
 12068 | Lair:2   | Reached XP level 12. HP: 83/99 MP: 20/20
 12075 | Lair:2   | Reached skill level 11 in Fighting
 12448 | Lair:2   | Found a hole to the Spider Nest.
 13292 | Lair:3   | Reached skill level 12 in Fighting
 13436 | Lair:3   | Reached skill level 1 in Dodging
 13547 | Lair:3   | Reached skill level 1 in Evocations
 13554 | Lair:3   | Reached skill level 1 in Shields
 14474 | Lair:4   | Found a staircase to the Shoals.
 14526 | Lair:4   | Noticed a five-headed hydra
 14537 | Lair:4   | Killed a five-headed hydra
 14538 | Lair:4   | Gained mutation: You are mostly covered in slimy green
                  | scales. (AC +3) [demonic ancestry]
 14538 | Lair:4   | Reached XP level 13. HP: 96/109 MP: 21/21
 15126 | Lair:5   | You fall into a shaft and drop 1 floor!
 15126 | Lair:6   | Entered Level 6 of the Lair of Beasts
 15133 | Lair:6   | Corrupted Lair:6
 15133 | Lair:6   | Noticed a tentacled starspawn
 15133 | Lair:6   | Noticed a white draconian stormcaller
 15139 | Lair:6   | Noticed a starcursed mass
 15139 | Lair:6   | Noticed a starcursed mass
 15146 | Lair:6   | Noticed a tentacled starspawn
 15147 | Lair:6   | Noticed a starcursed mass
 15327 | Lair:6   | Reached skill level 13 in Fighting
 15634 | Lair:6   | Reached skill level 5 in Evocations
 15841 | Lair:6   | Found a runed translucent door.
 15888 | Lair:6   | Reached skill level 5 in Dodging
 15939 | Lair:6   | Reached skill level 5 in Shields
 16733 | Lair:6   | Reached ****** piety under Lugonu
 17609 | Lair:6   | Gained mutation: You are completely covered in slimy green
                  | scales. (AC +4, rPois) [demonic ancestry]
 17609 | Lair:6   | Reached XP level 14. HP: 119/119 MP: 22/22
 18082 | Orc:1    | Entered Level 1 of the Orcish Mines
 18438 | Orc:2    | Entered Level 2 of the Orcish Mines
 18453 | Orc:2    | Noticed Azrael
 18469 | Orc:2    | HP: 4/119 [Azrael/damnation (30)]
 18471 | Orc:2    | Banished Azrael
 18941 | Orc:2    | Reached skill level 14 in Fighting
 18968 | Orc:2    | Found a staircase to the Elven Halls.
 19021 | Orc:2    | Found Vyavo's Book Shoppe.
 19809 | Orc:2    | Corrupted Orc:2
 19809 | Orc:2    | Noticed a tentacled starspawn
 19811 | Orc:2    | Noticed a starcursed mass
 20006 | Orc:2    | Found Zedig's Assorted Antiques.
 20013 | Orc:2    | Found Emnihura's Weapon Boutique.
 20015 | Orc:2    | Found Postre Gaj's Armour Shoppe.
 20015 | Orc:2    | Found Hajeq's Book Boutique.
 20036 | Orc:2    | Bought a +0 pair of gloves of dexterity for 172 gold pieces
 20052 | Orc:2    | Bought a dented cameo amulet for 105 gold pieces
 21040 | D:12     | Identified a +2 demon trident of distortion (a +0 demon
                  | trident of venom corrupted by Lugonu)
 21040 | D:12     | Received a gift from Lugonu
 21281 | D:12     | Reached skill level 5 in Armour
 22225 | D:13     | Found a runed translucent gate.
 22225 | D:13     | Found a runed translucent gate.
 22225 | D:13     | Found a runed translucent gate.
 22225 | D:13     | Noticed SirDiesAlot's ghost (journeyman MiGl)
 22227 | D:13     | Found a basalt altar of Yredelemnul.
 22275 | D:13     | Identified the +9 rapier of Shame {vamp, rElec rPois Int-5
                  | Stlth+}
 22559 | D:14     | Reached skill level 15 in Fighting
 22589 | D:14     | Gained mutation: You have a sharp stinger which inflicts
                  | weakening toxins. [demonic ancestry]
 22589 | D:14     | Reached XP level 15. HP: 102/127 MP: 23/23
 22676 | D:14     | Found a gate to the Vaults.
 23883 | D:14     | Acquired a manual of Dodging
 23900 | D:15     | Entered Level 15 of the Dungeon
 24009 | D:15     | Noticed Kirke
 24053 | D:15     | Killed Kirke
 24576 | D:15     | Found a staircase to the Depths.
 24796 | D:15     | Reached skill level 16 in Fighting
 25106 | D:15     | Found a broken altar of Ashenzari.
 25512 | Spider:1 | Entered Level 1 of the Spider Nest
 25858 | Spider:1 | Noticed an emperor scorpion
 25870 | Spider:1 | Killed an emperor scorpion
 26087 | D:4      | Bought a wand of acid (18) for 660 gold pieces
 26825 | Spider:1 | Reached skill level 10 in Evocations
 27198 | Spider:1 | Noticed an emperor scorpion
 27217 | Spider:1 | Killed an emperor scorpion
 27806 | Spider:2 | Reached XP level 16. HP: 77/140 MP: 21/24
 27972 | Spider:2 | Found a frozen archway.
 28009 | IceCv    | Entered an ice cave
 28278 | IceCv    | Reached skill level 17 in Fighting
 28454 | IceCv    | Identified the +0 helmet "Yteux" {+Inv}
 28711 | IceCv    | Reached skill level 10 in Shields
 28915 | IceCv    | Noticed an Ice Fiend
 29072 | Abyss:1  | Found a sparkling altar of Nemelex Xobeh.
 29095 | Abyss:1  | Paralysed by a great orb of eyes for 5 turns
 29189 | Abyss:1  | Killed from afar by Azrael

Illustrated notes

Levels and vault maps discovered:
D:1:      heliophobic_arrival_battle_scene, layout_basic, st_stairs_8
D:2:      layout_rooms, basic_altar, basic_ecumenical_altar,
          chequers_serial_rivers_micro_c, minmay_misc_feat_pillars
D:3:      layout_basic, hex_large, uniq_natasha, uniq_crazy_yiuf_cottage
D:4:      dreamdust_elfheim, layout_cave_pools, tgw_sif,
          minmay_temple_entry_statues_pillars, serial_bayou,
          serial_bayou_shore_a, serial_bayou_pond_a, serial_bayou_lagoon_a,
          serial_bayou_pond_b, serial_bayou_pond_d, serial_bayou_pond_a,
          chequers_serial_rivers_micro_b, st_stairs_12, kennysheep_diamond,
          nicolae_shop_overcharged_wands, uniq_eustachio
D:5:      layout_loops_ring, grunt_dithmenos_shadows, minivault_27,
          chequers_serial_rivers_micro_c, fountainhead, minmay_shop_damaged
D:6:      layout_layer_cave, serial_bayou_pond_a, kennysheep_potato
D:7:      layout_rooms, mainiacjoe_overflow_six_doors_small,
          mainiacjoe_overflow_catwalk_spiral, kennysheep_little_box,
          gammafunk_ghost_stat_death, kennysheep_decorative_pillar
D:8:      layout_rooms, grunt_ministairs_11
D:9:      layout_gridville, dpeg_oklobed_lair, orc_0_dummy,
          nicolae_water_bricks, minmay_bent
D:10:     layout_basic, bh_hangedman_babel_library, uniq_grum, uniq_maurice
D:11:     layout_cave_pools
D:12:     layout_small_grid, minmay_orc_keep
D:13:     layout_rooms, nicolae_yredelemnul_ghost_church
D:14:     layout_roguey, grunt_vaults_entry_fortified, kennysheep_crisscross,
          minmay_misc_feat_columns
D:15:     gammafunk_depths_entry_grave, layout_loops_corners,
          cheibrodos_ashenzari_chains, uniq_kirke
Lair:1:   layout_chaotic_city, grunt_megastairs_5
Lair:2:   layout_cave_pods, dummy_spider_entry, grunt_megastairs_1
Lair:3:   layout_gridlike, kennysheep_basilisk_garden
Lair:4:   layout_roguey, minmay_shoals_entry_lonely_mermaid
Lair:5:   layout_long_grid, nicolae_slime_entry_slimehenge,
          ebering_ghost_rock_garden
Lair:6:   hangedman_lair_caniforms_friends, layout_cave_pods, wormcave,
          minivault_27
Spider:1: nicolae_spider_hilbert_zone_4 [nicolae_spider_hilbert_4_sides_2_open,
          nicolae_spider_hilbert_4_sides_1_open,
          nicolae_spider_hilbert_4_sides_1_open,
          nicolae_spider_hilbert_4_sides_1_open,
          nicolae_spider_hilbert_4_sides_1_open,
          nicolae_spider_hilbert_2_sides_1_open,
          nicolae_spider_hilbert_2_sides_1_open,
          nicolae_spider_hilbert_2_sides_1_open,
          nicolae_spider_hilbert_2_sides_1_open,
          nicolae_spider_hilbert_6_sides_1_open,
          nicolae_spider_hilbert_6_sides_1_open,
          nicolae_spider_hilbert_3_sides_1_open,
          nicolae_spider_hilbert_3_sides_1_open]
Spider:2: layout_spider_delve, portal_ice_cave_entry_frozen_things
Orc:1:    layout_caves
Orc:2:    st_orc_elflike, layout_diamond_mine, serial_shops,
          nicolae_shop_crystal, uniq_azrael
Abyss:1:  base: Temple, base: Temple, base: D:5,
          hangedman_abyss_or_decor_lesser_grid
IceCv:    ice_cave_caverns_01

Skill      XL: |  1  2  3  4  5  6  7  8  9 10 11 12 13 14 15 16 |
---------------+-------------------------------------------------+-----
Polearms       | 2 3 4 5 6 7 9 11 13 14 | 14.0
Invocations    | 3 4 5 6 8 9 10 | 10.8
Fighting       | 4 5 6 7 9 10 12 13 15 16 17 | 17.3
Dodging        | 3 5 8 9 |  9.3
Evocations     | 3 6 9 10 | 10.5
Shields        | 3 6 8 9 10 | 10.1
Armour         | 3 6 8 |  8.5

Action                   |  1- 3 |  4- 6 |  7- 9 | 10-12 | 13-15 | 16-18 || total
-------------------------+-------+-------+-------+-------+-------+-------++-------
Melee: Spear             |   109 |   215 |    99 |       |       |       ||   423
       Tailslap          |    11 |    32 |    49 |    80 |   279 |    33 ||   484
       Punch             |     1 |       |       |       |       |       ||     1
       Demon trident     |       |       |   223 |   519 |  1523 |   238 ||  2503
       Unarmed           |       |       |       |       |     4 |       ||     4
Invok: Depart the Abyss  |     1 |       |       |       |       |       ||     1
       Banish            |       |       |       |     8 |     4 |     4 ||    16
       Corrupt           |       |       |       |       |     2 |       ||     2
       Brand Weapon With |       |       |       |       |     1 |       ||     1
       Enter the Abyss   |       |       |       |       |       |     1 ||     1
Evoke: Wand              |       |       |       |       |    22 |       ||    22
       Condenser vane    |       |       |       |       |     4 |       ||     4
  Use: Scroll            |     5 |     6 |     4 |    12 |    19 |     2 ||    48
       Potion            |       |     1 |       |       |     7 |     9 ||    17
 Stab: Paralysed         |       |       |       |       |    10 |       ||    10
Armor: Leather armour    |    16 |       |       |       |       |       ||    16
       Chain mail        |    14 |   115 |   139 |   208 |   433 |    49 ||   958
Dodge: Dodged            |    54 |    45 |    63 |    74 |   227 |    29 ||   492
Block: Orb               |       |       |    29 |    32 |       |       ||    61
       Buckler           |       |       |       |    99 |   796 |    69 ||   964
       Reflection        |       |       |       |     6 |    60 |     2 ||    68

Table legend: (Time is in decaauts)
 A = Elapsed time spent in this place.
 B = Non-inter-level travel time spent in this place.
 C = Inter-level travel time spent in this place.
 D = Time resting spent in this place.
 E = Time spent auto-exploring this place.
 F = Levels seen in this place.
 G = Mean time per level.
                   A        B        C        D        E       F      G
               +--------+--------+--------+--------+--------+-----+--------+
         Total |  28381 |  26695 |   1686 |   1381 |  20374 |  28 | 1013.6 |
       Dungeon |  15879 |  14958 |    921 |    838 |  11485 |  15 | 1058.6 |
          Lair |   7327 |   6674 |    653 |      0 |   5486 |   6 | 1221.2 |
   Spider Nest |   2028 |   1958 |     70 |    225 |   1297 |   2 | 1014.0 |
  Orcish Mines |   2038 |   1998 |     40 |    318 |   1347 |   2 | 1019.0 |
         Abyss |    219 |    219 |      0 |      0 |    103 |   2 |  109.5 |
      Ice Cave |    887 |    887 |      0 |      0 |    656 |   1 |  887.0 |
               +--------+--------+--------+--------+--------+-----+--------+

Top non-repeatable levels by time:
  Lair:6: 2641 daAuts
Spider:1: 1773 daAuts
     D:3: 1472 daAuts
    D:14: 1470 daAuts
  Lair:1: 1384 daAuts
  Lair:2: 1382 daAuts
     D:6: 1315 daAuts
     D:1: 1306 daAuts
    D:15: 1275 daAuts
   Orc:2: 1248 daAuts
     D:8: 1227 daAuts
     D:9: 1192 daAuts
     D:4: 1153 daAuts
    D:10: 1097 daAuts
  Lair:3: 897 daAuts
